Map: Abyssal Reef LE

Players

Titan - Winner!

  • Race: Zerg Zerg
  • League: Platinum
  • Spawn Location: 5:00

Yata

  • Race: Zerg Zerg
  • League: Platinum
  • Spawn Location: 11:00

VOD

Have the link to the VOD?

Description

Time

  • Played on: Sept. 15, 2017, 9:01 p.m.
  • Length: 5:09
Show
View Real Time Build Order
Export as new Build Order

Titan Zerg - Winner!

Build Orders: Hatch First 

Get SALT Encoding   

  12  0:05  Drone  
  13  0:15  Overlord  
  13  0:17  Drone  
  14  0:26  Extractor, Drone  
  15  0:34  Drone  
  16  0:40  Drone  
  17  0:56  Hatchery  
  16  0:59  Drone  
  17  1:05  Extractor, Drone  
  17  1:17  Spawning Pool  
  16  1:35  Drone  
  17  1:42  Drone x2  
  19  1:55  Overlord  
  19  1:58  Drone  
  20  2:03  Queen  
  20  2:06  Metabolic Boost  
  22  2:09  Queen  
  24  2:26  Drone x2  
  24  2:27  Drone x2  
  28  2:39  Baneling Nest  
  28  2:40  Drone x2  
  28  2:43  Overlord  
  29  2:51  Queen  
  31  3:00  Drone  
  31  3:01  Drone x2  
  34  3:15  Overlord  
  34  3:24  Lair  
  34  3:29  Zergling x4, Evolution Chamber  
  34  3:30  Zergling x6  
  34  3:31  Zergling x4  
  40  4:19  Zergling x2  
  40  4:20  Zergling x10  
  40  4:21  Zergling x8  
  50  4:31  Baneling x4  
  42  4:46  Drone  
Show
View Real Time Build Order
Export as new Build Order

Yata Zerg 

Build Orders: Hatch First 

Get SALT Encoding   

  12  0:01  Drone  
  13  0:13  Overlord  
  13  0:17  Drone  
  14  0:31  Drone x2  
  14  0:35  Drone  
  17  0:55  Hatchery  
  17  0:56  Drone  
  17  1:04  Drone  
  18  1:14  Extractor  
  18  1:17  Spawning Pool  
  16  1:24  Drone x2  
  18  1:28  Drone  
  19  1:40  Overlord  
  19  1:50  Drone  
  20  2:01  Drone  
  20  2:05  Queen  
  20  2:07  Queen  
  25  2:13  Zergling x4  
  27  2:17  Metabolic Boost  
  27  2:21  Evolution Chamber  
  26  2:24  Drone  
  26  2:27  Drone  
  26  2:29  Overlord  
  28  2:39  Drone, Baneling Nest  
  28  2:46  Drone x2  
  30  2:59  Drone x2  
  32  3:07  Extractor, Drone x2  
  33  3:20  Drone  
  33  3:21  Drone x2  
  36  3:30  Drone x5  
  41  3:47  Zergling x6  
  44  3:59  Baneling x4  
  44  4:00  Overlord  
  44  4:01  Overlord  
  43  4:42  Zergling x2  
  43  4:43  Zergling x2, Drone  
  43  4:44  Zergling x18  
Tags
 
Add a new tag
Caveats
  • Supply blocks, unpowered buildings, or Contaminate may cause inaccurate times.
  • Supply counts are checked every 10 seconds.